Description

(PoolFirst,ling,bane,ultra,vip..)

Build Order

Get SALT Encoding   

  12  0:00  Drone  
  13  0:12  Overlord  
  13  0:17  Drone  
  14  0:30  Drone x2  
  14  0:34  Drone  
  17  0:46  Extractor  
  17  0:49  Spawning Pool  
  15  0:50  Drone  
  15  0:56  Drone  
  17  1:07  Drone  
  18  1:19  Hatchery  
  18  1:23  Drone  
  18  1:29  Drone  
  19  1:36  Queen  
  21  1:41  Zergling x2  
  22  1:47  Metabolic Boost  
  22  1:55  Overlord  
  22  2:13  Queen  
  22  2:15  Drone x2  
  26  2:23  Drone  
  27  2:30  Queen  
  27  2:31  Zergling x2  
  27  2:33  Zergling x2  
  31  2:42  Zergling x2  
  31  2:44  Overlord  
  32  2:46  Drone x2  
  32  2:50  Pneumatized Carapace  
  34  2:53  Drone  
  34  2:57  Drone  
  36  3:03  Drone  
  37  3:06  Overlord  
  37  3:14  Drone  
  37  3:17  Drone  
  39  3:21  Queen  
  39  3:26  Drone x2  
  43  3:28  Drone  
  43  3:32  Drone  
  45  3:36  Hatchery  
  44  3:44  Zergling x6  
  46  3:49  Lair  
  46  3:53  Drone x2  
  48  3:57  Drone x2  
  48  4:01  Drone x2  
  52  4:13  Overlord  
  52  4:14  Spore Crawler  
  51  4:17  Overlord  
  51  4:18  Queen, Extractor  
  51  4:24  Spore Crawler, Overlord  
  51  4:26  Drone  
  52  4:31  Drone  
  52  4:32  Drone x4  
  57  4:39  Drone  
  57  4:40  Drone x2  
  60  4:47  Overseer  
  60  4:50  Queen  
  60  4:51  Evolution Chamber  
  60  4:52  Evolution Chamber  
  59  4:54  Drone x2  
  59  4:57  Drone x2  
  63  5:02  Drone x2  
  63  5:05  Drone x2  
  67  5:13  Zergling x8  
  67  5:14  Zergling x2  
  70  5:15  Zergling x2  
  70  5:19  Queen  
  73  5:24  Zerg Melee Weapons Level 1  
  73  5:27  Zerg Ground Armor Level 1  
  73  5:39  Overlord  
  73  5:40  Drone  
  73  5:41  Drone  
  73  5:43  Drone  
  73  5:49  Drone  
  74  5:50  Overlord  
  74  5:57  Baneling Nest  
  73  5:58  Drone  
  73  5:59  Drone x7  
  73  6:00  Drone  
  73  6:03  Overlord  
  82  6:07  Extractor  
  82  6:09  Drone x4  
  82  6:10  Extractor  
  84  6:16  Drone x2  
  84  6:18  Hatchery  
  84  6:30  Drone  
  84  6:31  Drone  
  86  6:33  Infestation Pit, Hatchery  
  86  6:38  Zergling x14  
  91  6:40  Drone x2  
  91  6:43  Overlord  
  91  6:44  Overlord  
  93  6:49  Zergling x6  
  96  6:54  Zergling x4  
  98  7:02  Centrifical Hooks  
  98  7:04  Drone x4  
  98  7:05  Drone x2  
  103  7:11  Baneling x4  
  103  7:13  Hive  
  103  7:14  Drone  
  103  7:15  Drone x3  
  107  7:19  Zerg Melee Weapons Level 2  
  107  7:21  Zergling x4  
  109  7:28  Zerg Ground Armor Level 2  
  109  7:30  Queen, Drone x2  
  109  7:31  Zergling x2  
  109  7:32  Zergling x2  
  115  7:42  Zergling x8  
  115  7:43  Baneling x2  
  119  7:44  Baneling x5  
  119  7:45  Baneling  
  119  7:46  Zergling x2  
  119  7:47  Zergling x10  
  119  7:49  Overlord  
  124  8:01  Zergling x4  
  124  8:04  Overlord x2  
  125  8:08  Zergling x4  
  125  8:09  Zergling x12  
  125  8:10  Baneling x8  
  133  8:13  Baneling x2  
  133  8:14  Baneling  
  133  8:15  Overlord  
  133  8:22  Drone x4  
  133  8:23  Drone x3  
  133  8:24  Drone, Extractor  
  133  8:26  Extractor  
  138  8:29  Adrenal Glands  
  138  8:32  Hatchery  
  138  8:33  Zergling x10  
  138  8:34  Zergling x2, Overlord  
  143  8:39  Zergling x6  
  143  8:40  Zergling x2  
  147  8:50  Zergling x4  
  147  8:51  Ultralisk Cavern  
  147  8:52  Overlord x3  
  148  8:58  Baneling x4  
  148  9:00  Overlord x2  
  148  9:10  Overlord  
  148  9:11  Zergling x2, Overlord  
  148  9:12  Zergling x16  
  148  9:13  Zergling x4  
  148  9:15  Zergling x2  
  145  9:29  Drone  
  155  9:38  Ultralisk x2  
  155  9:41  Zergling x16  
  163  9:47  Zergling x2  
  163  9:48  Zergling x2  
  165  9:53  Zergling x4  
  165  9:55  Ultralisk  
  165  9:56  Chitinous Plating  
  173  10:04  Queen x4  
  173  10:07  Zergling x6  
  183  10:13  Ultralisk, Zergling x4  
  188  10:17  Zergling x8  
  188  10:19  Zergling x2  
  187  10:31  Zergling x2  
  187  10:32  Zergling x8  
  160  10:37  Zergling x2  
  160  10:42  Spire  
  160  10:46  Zergling x2  
  155  10:52  Zergling x6  
  157  11:00  Hatchery  
  155  11:05  Drone x3  
  155  11:06  Drone  
  155  11:07  Drone x3, Extractor  
  155  11:09  Extractor  
  155  11:11  Spore Crawler  
  159  11:12  Zergling x26  
  159  11:13  Zergling x2  
  173  11:20  Viper  
  173  11:21  Viper x2  
  182  11:26  Spine Crawler  
  182  11:30  Zergling x10  
  182  11:31  Zergling x10  
  191  11:37  Baneling x8  
  191  11:38  Baneling x3  
  187  11:49  Overlord x2  
  187  11:50  Zergling x8  
  191  11:58  Corruptor x3, Baneling x5  
  191  12:00  Corruptor  
  198  12:08  Corruptor x2  
  184  12:17  Zergling x12  
  184  12:18  Zergling x14  
  184  12:19  Baneling  
  184  12:20  Baneling x17  
  195  12:25  Zergling x2  
  195  12:26  Zergling x4  
  195  12:27  Zergling x2  
  179  12:55  Zergling x8  
  179  12:56  Zergling x10  
  179  12:57  Zergling x6  
  179  13:00  Ultralisk x2  
  179  13:04  Zergling x10  
  179  13:05  Zergling x12  
  189  13:08  Zergling x4  
  187  13:12  Zergling x2  
  187  13:13  Zergling x4  
  187  13:15  Zergling x2  
  187  13:16  Zergling x2  
  187  13:18  Zergling x2  
  191  13:20  Zergling x2  
  191  13:23  Zergling x4  
  194  13:29  Zergling x6  
  194  13:32  Zergling x6  
  198  13:34  Baneling x5  
  198  13:35  Baneling x4  
  198  13:36  Baneling  
Spawning Tool Build Advisor. Get it on Overwolf

Analysis

(PoolFirst,ling,bane,ultra,vip..)

Go to:

Details

  • Created by: DarkHeartz
  • Published on: Nov 15, 2016
  • Modified on: Nov 15, 2016
  • Patch: Pre-3.8.0
Show
View Real Time Build Order
Export as new Build Order

Comments (0)

There are no comments. Be the first!

Create an account to comment!